 Dungeon Crawl Stone Soup version 0.28.0 (webtiles) character file.

Game seed: 2899673126268549126

85 SnakkuSnakku7 the Insei (level 4, -10/24 HPs)
             Began as a Deep Elf Transmuter on Feb 8, 2022.
             Killed by an exploding orc (27 damage)
             ... ignited by their inner flame
             ... on level 3 of the Dungeon.
             The game lasted 00:03:29 (3106 turns).

SnakkuSnakku7 the Insei (Deep Elf Transmuter)       Turns: 3106, Time: 00:03:30

Health: -10/24     AC:  2    Str:  7    XL:     4   Next: 25%
Magic:  10/10      EV: 12    Int: 20    God:
Gold:   137        SH:  0    Dex: 15    Spells: 5/9 levels left

rFire   . . .      SeeInvis .     - Unarmed
rCold   . . .      Faith    .   (no shield)
rNeg    . . .      Spirit   .   a - +0 robe
rPois   .          Reflect  .   (no helmet)
rElec   .          Harm     .   (no cloak)
rCorr   .          Rampage  .   (no gloves)
Will    .....                   (no boots)
Stlth   +.........              (no amulet)
HPRegen 0.08/turn               (no ring)
MPRegen 0.12/turn               (no ring)

@: attractive, invisible
A: no striking features
a: no special abilities


You were on level 3 of the Dungeon.
You visited 1 branch of the dungeon, and saw 3 of its levels.

You collected 137 gold pieces.

Inventory:

Armour
 a - a +0 robe (worn)
Jewellery
 e - a ring of wizardry
 j - a ring of positive energy
Scrolls
 d - a scroll of holy word
Potions
 b - a potion of curing
 m - a potion of brilliance {unknown}


   Skills:
 - Level 0.7 Fighting
 - Level 2.4 Dodging
 + Level 3.4 Unarmed Combat
 - Level 3.0 Spellcasting
 - Level 3.2 Transmutations
 + Level 1.7 Poison Magic


You had 5 spell levels left.
You knew the following spells:

 Your Spells              Type           Power      Damage    Failure   Level
a - Beastly Appendage     Tmut           32%        N/A       3%          1
b - Spider Form           Tmut/Pois      13%        N/A       16%         3

Your spell library contained the following spells:

 Spells                   Type           Power      Damage    Failure   Level
 Wereblood                Tmut           16%        N/A       5%          2
 Ice Form                 Ice/Tmut       9%         N/A       58%         4


Dungeon Overview and Level Annotations

Branches:
Dungeon (3/15)

Altars:

Annotations:
D:3 Ijyb


Message History

As you read the scroll labelled JALUCA ECKAYN, it crumbles to dust.
It was a scroll of blinking.
As you read the scroll labelled ZESOWA DAZIS BERA, it crumbles to dust.
You speak a Word of immense power!
It was a scroll of holy word.
As you read the scroll labelled NOARIU IHOFRUT, it crumbles to dust.
The creatures around you are filled with an inner flame!
It was a scroll of immolation.
As you read the scroll labelled NOPNOI LICA, it crumbles to dust.
It is a scroll of brand weapon.
You aren't carrying any weapons that can be branded.
As you read the scroll labelled AMICZE DAIZ, it crumbles to dust.
It is a scroll of identify.
i - a potion of invisibility
As you read the scroll labelled RUIDUE EHIXA, it crumbles to dust.
You feel aware of your surroundings.
You sensed 1 shop/portal.
It was a scroll of magic mapping.
Ijyb screams, "I no like you!"
Unknown command.
You fade into invisibility!
The orc hits you with a +0 short sword.
It was a potion of attraction.
You feel attractive to monsters. The orc closely misses you.
The orc is attracted toward you.
Okay, then.
Casting: Beastly Appendage (safe; 3% risk of failure)
Confirm with . or Enter, or press ? or * to list all spells.
The spell is quite dangerous to miscast (16% risk of failure)!
Continue anyway?
Okay, then.
The orc completely misses you. The orc closely misses you.
The orc hits you with a +0 short sword. The orc completely misses you.
Ijyb screams, "Get away!"
The orc completely misses you. The orc barely misses you.
The orc is attracted toward you. The orc misses you.
Ijyb zaps a wand.
The orc's mind is blasted!!
The orc explodes!
The fiery explosion engulfs you!!
Ouch! That really hurt!
You die...

####### #.....#
#.###'#**
###.#≈≈≈≈≈#
#...#≈≈≈≈≈#
#...#≈≈≈≈≈#
#...#≈≈≈≈≈#
#...###+####
#........#@# ####
#..###.###§#
...#####.....# #g#
......#....≈.###o#
......)..≈.≈..##o#
.....)##.≈....##.#
###...##.....###.#
#...###[#.####o###
##### #..........#


You could see Ijyb and 3 orcs.

Vanquished Creatures
  Terence (D:2)
  A worm (D:3)
  2 dart slugs (D:1)
  An orc (D:3)
  9 bats
  6 hobgoblins
  4 jackals (D:1)
  3 kobolds
  6 quokkas
  4 ball pythons
  5 frilled lizards
  3 goblins (D:1)
  4 rats (D:1)
49 creatures vanquished.

Vanquished Creatures (others)
  An orc (D:3)
1 creature vanquished.

Grand Total: 50 creatures vanquished

Notes
Turn   | Place    | Note
-------+----------+-------------------------------------------
     0 | D:1      | SnakkuSnakku7 the Deep Elf Transmuter began the quest for
                  | the Orb.
     0 | D:1      | Reached XP level 1. HP: 11/11 MP: 6/6
   737 | D:1      | Reached XP level 2. HP: 7/16 MP: 6/8
  1566 | D:1      | Reached XP level 3. HP: 17/20 MP: 7/9
  1645 | D:1      | Learned a level 3 spell: Spider Form
  2469 | D:2      | Noticed Terence
  2733 | D:2      | Killed Terence
  2734 | D:2      | Reached skill level 1 in Poison Magic
  2734 | D:2      | Reached XP level 4. HP: 13/24 MP: 7/10
  2967 | D:2      | Found a faded altar of an unknown god.
  3077 | D:3      | Noticed Ijyb
  3106 | D:3      | Killed by an exploding orc... ignited by their inner flame

Illustrated notes

Levels and vault maps discovered:
D:1:      dpeg_arrival_rooms_with_view, layout_loops_corners, serial_rivers,
          chequers_serial_rivers_micro_b, chequers_serial_rivers_micro_b,
          chequers_serial_rivers_small_a, chequers_serial_rivers_large_a,
          chequers_serial_rivers_marsh, chequers_serial_rivers_large_b
D:2:      layout_rooms, ebering_ecumenical_altar_petrified, uniq_terence
D:3:      layout_basic, serial_rivers, chequers_serial_rivers_room_b,
          chequers_serial_rivers_room_b, chequers_serial_rivers_room_a,
          chequers_serial_rivers_micro_c, chequers_serial_rivers_micro_c,
          serial_shops, nicolae_shop_temple_entry_statues_fountains, uniq_ijyb

Skill      XL: |  1  2  3 |
---------------+----------+-----
Transmutations | 3 |  3.2
Unarmed Combat | 3 |  3.4
Poison Magic   | 1 |  1.7
Fighting       | |  0.7
Dodging        | |  2.4
Spellcasting   | |  3.0

Action                   |  1- 3 |  4- 6 || total
-------------------------+-------+-------++-------
Melee: Unarmed           |   147 |    20 ||   167
       Kick              |    28 |     4 ||    32
       Headbutt          |    16 |     3 ||    19
       Punch             |     5 |     3 ||     8
 Cast: Beastly Appendage |    19 |     2 ||    21
       Spider Form       |     1 |       ||     1
  Use: Scroll            |       |     6 ||     6
       Potion            |       |     2 ||     2
 Stab: Sleeping          |     2 |       ||     2
Armor: Robe              |    39 |     8 ||    47
Dodge: Dodged            |   115 |    28 ||   143
